 Dungeon Sprint DCSS version 0.31-a0-7-g51783674b7 (webtiles) character file.

Game seed: 9751445525201418020

779 rocky1 the Thaumaturge (level 7, -21/46 HPs)
             Began as a Deep Elf Warper on May 5, 2023.
             Was a High Priest of Sif Muna.
             Demolished by a phantasmal warrior (35 damage)
             ... in the Dungeon (Sprint VII: "The Pits").
             The game lasted 00:04:30 (871 turns).

rocky1 the Thaumaturge (Deep Elf Warper)             Turns: 871, Time: 00:04:31

Health: -21/46     AC:  3    Str:  8    XL:     7   Next: 54%
Magic:  16/20      EV: 13    Int: 20    God:    Sif Muna [*****.]
Gold:   0          SH:  0    Dex: 14    Spells: 17/22 levels left

rFire   . . .        i - +0 dagger (elec)
rCold   . . .        (no shield)
rNeg    . . .        b - +0 leather armour
rPois   .            (no helmet)
rElec   .            (no cloak)
rCorr   .            (no gloves)
SInv    .            (no boots)
Will    .....        (no amulet)
Stlth   ++++         (no ring)
HPRegen 0.27/turn    (no ring)
MPRegen 0.17/turn

%: no teleportation
@: weak-willed
A: no striking features
a: Renounce Religion, Channel Magic, Forget Spell, Divine Exegesis


You were in the Dungeon.
You worshipped Sif Muna.
Sif Muna was extremely pleased with you.
You visited 1 branch

Inventory:

Hand Weapons
 i - a +0 dagger of electrocution (weapon)
Missiles
 d - 7 boomerangs of dispersal (quivered)
Armour
 b - a +0 leather armour (worn)
Scrolls
 c - 2 scrolls of blinking
 k - 5 scrolls of amnesia
 l - a scroll of butterflies
Potions
 e - 6 potions of curing
 f - a potion of heal wounds
 h - 4 potions of magic


   Skills:
 * Level 6.1 Fighting
 * Level 7.3 Short Blades
 - Level 1.0 Throwing
 + Level 3.7 Armour
 + Level 5.8 Dodging
 * Level 8.0 Stealth
 + Level 8.0 Spellcasting
 + Level 7.0 Translocations
 * Level 6.4 Invocations


You had 17 spell levels left.
You knew the following spells:

 Your Spells              Type           Power      Damage    Failure   Level
a - Blink                 Tloc           72%        N/A       1%          2
b - Teleport Other        Tloc           36%        N/A       1%          3

Your spell library contained the following spells:

 Spells                   Type           Power      Damage    Failure   Level
 Lesser Beckoning         Tloc           72%        N/A       1%          2
 Manifold Assault         Tloc           36%        N/A       7%          4
 Vhi's Electric Charge    Tloc/Air       44%        N/A       9%          3
 Alistair's Intoxication  Tmut/Pois      5%         N/A       97%         5
 Statue Form              Tmut/Erth      5%         N/A       100%        6
 Haunt                    Necr/Summ      4%         N/A       100%        7
 Malign Gateway           Summ/Tloc      11%        N/A       100%        7
 Summon Horrible Things   Summ           4%         N/A       100%        8


Dungeon Overview and Level Annotations

Branches:
Dungeon (1/1)

Altars:
Ashenzari
Cheibriados
Dithmenos
Elyvilon
Fedhas
Gozag
Hepliaklqana
Kikubaaqudgha
Makhleb
Nemelex Xobeh
Okawaru
Qazlal
Ru
Sif Muna
Trog
Uskayaw
Vehumet
Wu Jian
Xom
Yredelemnul
Zin
The Shining One
Jiyva
Lugonu


Message History

The ice beast is moderately wounded.
The ice beast hits you. The ice beast freezes you.
You closely miss the ice beast.
The ice beast is moderately wounded.
The ice beast barely misses you.
The deep elf pyromancer mumbles some strange words.
The deep elf pyromancer blinks!
The phantasmal warrior gestures at you.
The phantasmal warrior blinks!
You hit the ice beast but do no damage.
The ice beast is moderately wounded.
The ice beast misses you. The phantasmal warrior gestures at you.
The phantasmal warrior blinks!
You hit the ice beast but do no damage.
The ice beast is moderately wounded.
You hit the ice beast.
The ice beast is heavily wounded.
The phantasmal warrior gestures at you.
The phantasmal warrior blinks!
The ice beast closely misses you.
You barely miss the ice beast.
The ice beast is heavily wounded.
The ice beast hits you but does no damage.
The phantasmal warrior gestures at you.
The phantasmal warrior blinks!
You hit the ice beast.
The ice beast is heavily wounded.
You hit the ice beast but do no damage.
The ice beast is heavily wounded.
The phantasmal warrior hits you.
Your willpower is stripped away!
The ice beast hits you but does no damage.
You hit the ice beast but do no damage.
The ice beast is heavily wounded.
You barely miss the ice beast.
The ice beast is heavily wounded.
The ice beast misses you.
The deep elf pyromancer mumbles some strange words.
The deep elf pyromancer blinks!
The phantasmal warrior hits you!!
Ouch! That really hurt!
You die...

#.#.)†.....##.......#
#.#........##.......#
#.#####'#####...<...#
#.#..[)))..##.......#
#†#..[)))..##.......#
#'###########.......#
#)).....#..##########
#...#...#W# ###
#...#...#@# .W.#
#.##.##.#Y#....#
#...#...#§§....+
#...#...#'#....#
#.......')#.e..#
########### ####


You could see a phantasmal warrior, a deep elf pyromancer and an ice beast.

Vanquished Creatures
  A troll (D)
  A warg (D)
  An orc warrior (D)
  An ice beast (D)
  2 scorpions (D)
  A hound (D)
  An orc priest (D)
  An iguana (D)
  An orc wizard (D)
  A gnoll (D)
  2 adders (D)
  A river rat (D)
  An adder zombie (D)
  2 orcs (D)
  A bat (D)
  A giant cockroach (D)
  2 goblins (D)
  A ball python (D)
  2 frilled lizards (D)
  A kobold (D)
25 creatures vanquished.

Notes
Turn   | Place    | Note
-------+----------+-------------------------------------------
     0 | D        | rocky1 the Deep Elf Warper began the quest for the Orb.
     0 | D        | Reached XP level 1. HP: 12/12 MP: 6/6
    45 | D        | Found a bloodstained altar of Trog.
    45 | D        | Found a shimmering blue altar of Sif Muna.
    45 | D        | Found a viscous altar of Jiyva.
    45 | D        | Found a hazy altar of Hepliaklqana.
    45 | D        | Found an opulent altar of Gozag.
    46 | D        | Found a glowing golden altar of the Shining One.
    46 | D        | Found a glowing silver altar of Zin.
    46 | D        | Found a basalt altar of Yredelemnul.
    46 | D        | Found a shimmering altar of Xom.
    46 | D        | Found an ornate altar of the Wu Jian Council.
    46 | D        | Found a sacrificial altar of Ru.
    46 | D        | Found a stormy altar of Qazlal.
    46 | D        | Found an iron altar of Okawaru.
    46 | D        | Found a sparkling altar of Nemelex Xobeh.
    46 | D        | Found a burning altar of Makhleb.
    46 | D        | Found a blossoming altar of Fedhas.
    46 | D        | Found a white marble altar of Elyvilon.
    46 | D        | Found a shadowy altar of Dithmenos.
    46 | D        | Found a snail-covered altar of Cheibriados.
    49 | D        | Found a corrupted altar of Lugonu.
    49 | D        | Found a radiant altar of Vehumet.
    50 | D        | Found an ancient bone altar of Kikubaaqudgha.
    50 | D        | Found a hide-covered altar of Uskayaw.
    50 | D        | Found a broken altar of Ashenzari.
    51 | D        | Became a worshipper of Sif Muna the Loreminder
    60 | D        | Noticed a scorpion
    67 | D        | Killed a scorpion
    68 | D        | Reached skill level 5 in Spellcasting
    68 | D        | Reached skill level 5 in Translocations
    68 | D        | Reached XP level 2. HP: 19/19 MP: 6/10
    68 | D        | Reached XP level 3. HP: 23/23 MP: 7/12
   275 | D        | Learned a level 2 spell: Blink
   279 | D        | Learned a level 3 spell: Teleport Other
   282 | D        | Reached skill level 1 in Armour
   284 | D        | Reached * piety under Sif Muna
   285 | D        | Reached skill level 1 in Stealth
   285 | D        | Reached skill level 1 in Invocations
   285 | D        | Reached XP level 4. HP: 28/28 MP: 13/13
   564 | D        | Reached ** piety under Sif Muna
   648 | D        | Noticed a warg
   653 | D        | Noticed a scorpion
   679 | D        | Killed a warg
   679 | D        | Reached *** piety under Sif Muna
   680 | D        | Reached skill level 5 in Short Blades
   680 | D        | Reached XP level 5. HP: 29/34 MP: 14/16
   690 | D        | Reached skill level 5 in Stealth
   699 | D        | Reached **** piety under Sif Muna
   700 | D        | Reached XP level 6. HP: 23/39 MP: 15/17
   702 | D        | Reached skill level 5 in Fighting
   716 | D        | Noticed an orc warrior
   718 | D        | Killed an orc warrior
   719 | D        | Reached skill level 5 in Invocations
   720 | D        | Noticed a troll
   722 | D        | Killed a troll
   722 | D        | Reached ***** piety under Sif Muna
   723 | D        | Reached skill level 5 in Dodging
   723 | D        | Reached XP level 7. HP: 25/45 MP: 20/20
   742 | D        | Received a gift from Sif Muna
   763 | D        | Got Sif Muna's Atlas of Companions and Moulding {god gift}
   853 | D        | Noticed a deep elf pyromancer
   853 | D        | Noticed a phantasmal warrior
   871 | D        | Demolished by a phantasmal warrior

Illustrated notes

Levels and vault maps discovered:
D:        pitsprint [storerooms_1, entrance_room_1, metal_vault_5, armoury_2,
          mini_pit_1, grid_room_1, main_hall_1, silver_pit, the_coven_3,
          the_vestibule_1, steel_vault_3, golden_pit, hallway_of_sentries,
          crystal_vault_1, iron_vault_1, final_vault]

Skill      XL: |  1  2  3  4  5  6  7 |
---------------+----------------------+-----
Fighting       | 3 4 5 6 |  6.1
Short Blades   | 4 5 7 |  7.3
Spellcasting   | 5 6 7 8 |  8.0
Translocations | 5 6 7 |  7.0
Armour         | 1 2 3 |  3.7
Stealth        | 1 4 5 7 8 |  8.0
Invocations    | 1 3 4 5 6 |  6.4
Dodging        | 4 5 |  5.8
Throwing       | |  1.0

Action                     |  1- 3 |  4- 6 |  7- 9 || total
---------------------------+-------+-------+-------++-------
  Melee: Dagger            |     9 |    62 |    46 ||   117
         Short sword       |     2 |       |       ||     2
         Punch             |       |       |     1 ||     1
   Cast: Teleport Other    |       |       |     2 ||     2
    Use: Potion            |     3 |     5 |     3 ||    11
   Stab: Invisible         |       |     6 |       ||     6
         Sleeping          |       |     2 |     1 ||     3
 Armour: Leather armour    |     2 |    19 |     6 ||    27
  Dodge: Dodged            |     2 |    24 |    14 ||    40

Table legend: (Time is in decaauts)
 A = Elapsed time spent in this place.
 B = Non-inter-level travel time spent in this place.
 C = Inter-level travel time spent in this place.
 D = Time resting spent in this place.
 E = Time spent auto-exploring this place.
 F = Levels seen in this place.
 G = Mean time per level.
                   A        B        C        D        E       F      G
               +--------+--------+--------+--------+--------+-----+--------+
         Total |    850 |    837 |     13 |    605 |      0 |   1 |  850.0 |
       Dungeon |    850 |    837 |     13 |    605 |      0 |   1 |  850.0 |
               +--------+--------+--------+--------+--------+-----+--------+

Top non-repeatable levels by time:
       D: 850 daAuts
